AoeStats
← 青山新雨 夜观星河

African Clearing

510520365Analyzed
4v4 RM · 2d ago on Oct 1, 2026· 59m 2s· 8 players
Game mode
Random Map
Map size
Large (8 player)
Population
200
Speed
Normal
Resources
Standard
Victory
Conquest
Starting age
Dark Age
Ending age
Imperial Age
RankedLock teamsTeams togetherTeam positionsShared explorationLock speedFull tech treeHidden civsTurbo modeCheats
Victory
Defeat
1021
+16
🇹🇷 Ethiopians · Türkiye
1000
+17
🇳🇱 Saxons · Netherlands
959
+33
🇸🇪 Poles · Sweden
920
+20
🇨🇦 Danes · Canada
1085
-21
🇹🇼 Vietnamese · Taiwan
1046
-19
🇧🇷 Saxons · Brazil
1012
-18
🇧🇷 Ethiopians · Brazil
923
-14
Endeavour
6:34 Loom
14:29 Feudal Age
14:55 Double-Bit Axe
16:16 Wheelbarrow
21:19 Castle Age
20:41 Fletching
20:52 Padded Archer Armor
21:33 Horse Collar
21:49 Crossbowman
23:01 Bodkin Arrow
38:25 Ballistics
40:24 Heavy Plow
46:38 Imperial Age
45:49 Hand Cart
46:40 Arbalester
48:57 Bracer
49:12 Leather Archer Armor
50:04 Chemistry
49:23 Thumb Ring
53:30 Ring Archer Armor
55:12 Ring Archer Armor
56:29 Chemistry
56:40 Bow Saw
55:56 Onager
57:14 Siege Onager
57:56 Gold Mining
Shusai
15:22 Feudal Age
20:22 Fletching
24:28 Castle Age
30:36 Wheelbarrow
29:50 Double-Bit Axe
29:47 Horse Collar
31:55 Bow Saw
33:41 Heavy Plow
34:01 Hand Cart
34:58 Gold Mining
40:35 Pikeman
41:15 Squires
49:00 Imperial Age
48:05 Scale Barding Armor
50:14 Husbandry
50:24 Bloodlines
49:35 Light Cavalry
49:36 Cavalier
50:39 Lechitic Legacy
50:40 Conscription
50:25 Szlachta Privileges
51:25 Chemistry
50:45 Ballistics
50:21 Murder Holes
50:31 Siege Engineers
50:37 Masonry
50:50 Chain Barding Armor
50:40 Forging
50:38 Winged Hussar
52:13 Crop Rotation
52:29 Iron Casting
51:55 Scale Mail Armor
青山新雨 夜观星河
3:45 Loom
13:48 Feudal Age
18:38 Castle Age
17:12 Horse Collar
18:06 Double-Bit Axe
20:43 Wheelbarrow
22:12 Bow Saw
27:03 Heavy Plow
29:38 Gold Mining
34:00 Imperial Age
31:32 Fletching
32:01 Bloodlines
34:19 Husbandry
34:26 Scale Barding Armor
35:22 Conscription
36:17 Chemistry
35:38 Ballistics
35:14 Murder Holes
37:17 Hand Cart
37:25 Chain Barding Armor
37:01 Bodkin Arrow
36:30 Cavalier
41:20 Two-Man Saw
40:57 Plate Barding Armor
40:22 Bracer
41:01 Light Cavalry
41:54 Forging
42:04 Hussar
49:07 Iron Casting
48:33 Padded Archer Armor
48:34 Scale Mail Armor
47:57 Paladin
48:59 Caravan
48:56 Elite Conquistador
49:58 Supremacy
58:00 Blast Furnace
57:17 Chain Mail Armor
Behemoth
16:20 Feudal Age
17:09 Double-Bit Axe
17:07 Horse Collar
22:09 Castle Age
29:42 Wheelbarrow
28:47 Elite Skirmisher
29:16 Arson
29:31 Squires
30:09 Heavy Plow
32:24 Bow Saw
33:11 Gambesons
37:44 Padded Archer Armor
37:34 Fletching
37:45 Scale Mail Armor
37:55 Forging
38:04 Hand Cart
39:58 Pikeman
40:46 Thumb Ring
40:45 Husbandry
40:56 Bloodlines
40:59 Scale Barding Armor
41:09 Leather Archer Armor
41:22 Caravan
42:06 Gold Mining
42:06 Stone Mining
47:32 Imperial Age
44:56 Town Watch
44:57 Loom
46:49 Town Patrol
47:37 Chain Mail Armor
47:57 Iron Casting
47:18 Bodkin Arrow
47:44 Chain Barding Armor
47:08 Clerical Recruitment
48:19 Elite Hearth Troop
48:34 Elite Varangian Guard
51:31 Ring Archer Armor
51:01 Bracer
51:31 Plate Mail Armor
52:46 Conscription
54:27 Plate Mail Armor
Elite Seraphim
5:15 Loom
17:55 Feudal Age
20:15 Wheelbarrow
19:27 Double-Bit Axe
19:39 Horse Collar
22:31 Castle Age
22:19 Fletching
22:29 Padded Archer Armor
23:40 Gold Mining
24:30 Hand Cart
24:34 Bow Saw
26:50 Bodkin Arrow
29:35 Ballistics
30:19 Leather Archer Armor
32:47 Thumb Ring
32:49 Stone Mining
34:28 Husbandry
34:39 Bloodlines
37:18 Stone Shaft Mining
38:33 Scale Mail Armor
38:44 Forging
38:45 Heavy Plow
40:08 Gold Shaft Mining
39:54 Chain Mail Armor
45:15 Imperial Age
42:41 Elite Skirmisher
43:11 Gambesons
43:27 Squires
43:12 Arson
43:27 Man-at-Arms
44:46 Iron Casting
45:59 Bracer
46:30 Ring Archer Armor
46:31 Plate Mail Armor
47:01 Blast Furnace
45:23 Long Swordsman
46:27 Conscription
45:28 Hamask
45:32 Cranequins
45:55 Heavy Mounted Crossbowman
46:11 Imperial Skirmisher
46:26 Two-Handed Swordsman
48:00 Pikeman
48:37 Halberdier
51:29 Chemistry
50:27 Champion
51:03 Town Watch
51:55 Town Patrol
57:54 Guard Tower
58:15 Masonry
HaweN
13:49 Feudal Age
20:49 Castle Age
19:31 Double-Bit Axe
21:03 Gold Mining
22:36 Stone Mining
22:39 Fletching
23:02 Elite Skirmisher
25:37 Loom
32:35 Horse Collar
35:06 Wheelbarrow
38:20 Hand Cart
40:58 Imperial Age
38:17 Town Watch
39:32 Gold Shaft Mining
40:29 Murder Holes
41:44 Ballistics
41:44 Bow Saw
41:39 Crossbowman
43:32 Chemistry
43:36 Imperial Skirmisher
48:36 Arbalester
49:36 Arson
49:53 Padded Archer Armor
51:13 Town Patrol
54:38 Leather Archer Armor
57:33 Thumb Ring
58:12 Bodkin Arrow
VPOP ASIA
8:30 Loom
19:18 Feudal Age
22:25 Gold Mining
26:20 Horse Collar
28:56 Castle Age
27:33 Stone Mining
28:12 Double-Bit Axe
30:24 Husbandry
42:50 Bow Saw
43:18 Padded Archer Armor
46:10 Leather Archer Armor
45:46 Fletching
46:06 Forging
48:27 Scale Mail Armor
57:42 Wheelbarrow
marcosprojj
11:04 Loom
14:36 Feudal Age
19:06 Castle Age
33:09 Double-Bit Axe
34:16 Horse Collar
35:58 Heavy Plow
37:42 Bow Saw
42:11 Imperial Age
41:26 Scale Mail Armor
41:36 Forging
45:18 Light Cavalry
46:08 Bloodlines
46:24 Hussar
49:40 Elite Hearth Troop
51:40 Crop Rotation
52:13 Two-Man Saw
54:18 Iron Casting
Connection lost

Rejoining the realm…

Still unreachable

The connection could not be restored.

Session expired

The server has moved on; the page needs a fresh start.